 Dungeon Crawl Stone Soup version 0.17.0-26-gececa24 (console) character file.

903 gw the Ruffian (level 7, -5/62 HPs)
             Began as a Minotaur Monk on Nov 20, 2015.
             Was a Believer of the Shining One.
             Slain by Prince Ribbit (17 damage)
             ... on level 5 of the Dungeon.
             The game lasted 00:02:01 (4253 turns).

gw the Ruffian (Minotaur Monk)                      Turns: 4253, Time: 00:02:01

Health: -5/62      AC:  7    Str: 16    XL:     7   Next: 80%
Magic:  6/8        EV: 12    Int:  7    God:    the Shining One [**....]
Gold:   81         SH:  6    Dex: 14    Spells: 0 memorised, 6 levels left

rFire  . . .     SeeInvis .       - Unarmed
rCold  . . .     Clarity  .     k - +0 ring mail
rNeg   + . .     SustAt   .     (no shield)
rPois  .         Gourm    .     (helmet restricted)
rElec  .         Spirit   .     (no cloak)
rCorr  .         Warding  .     j - +0 pair of gloves
rMut   .         Stasis   .     (no boots)
MR     .....                    (no amulet)
Stlth  +.........               (no ring)
                                (no ring)

@: divine shield, about to teleport, glowing, not resistant to hostile
enchantments, very unstealthy
A: retaliatory headbutt, horns 2
a: Divine Shield, Renounce Religion


You were on level 5 of the Dungeon.
You worshipped the Shining One.
The Shining One was pleased with you.
You were not hungry.

You visited 1 branch of the dungeon, and saw 4 of its levels.

You collected 81 gold pieces.

Inventory:

Missiles
 e - 148 stones (quivered)
Armour
 j - a +0 pair of gloves (worn)
 k - a +0 ring mail (worn)
Wands
 i - a wand of random effects (4)
Scrolls
 a - 3 scrolls of teleportation
 d - 3 scrolls of identify
 f - 3 scrolls of immolation
 l - a scroll of fog {unknown}
Potions
 g - 3 potions of ambrosia
 h - 2 potions of brilliance
Comestibles
 b - 2 bread rations
 c - 3 meat rations
 m - a slice of pizza


   Skills:
 + Level 5.7 Fighting
 + Level 3.7 Throwing
 + Level 4.0 Armour
 - Level 3.2 Dodging
 - Level 1.5 Stealth
 * Level 7.1 Unarmed Combat
 + Level 3.0 Invocations


You had 6 spell levels left.
You didn't know any spells.

Dungeon Overview and Level Annotations

Branches:
Dungeon (5/15)
 Temple: D:4-7

Altars:
Qazlal
Xom
Zin
The Shining One

Annotations:
D:5 Prince Ribbit


Innate Abilities, Weirdness & Mutations

You reflexively headbutt those who attack you in melee.
You have a pair of horns on your head.


Message History

Aim: Prince Ribbit (moderately wounded, fast)
The puff of flame misses Prince Ribbit.
Evoking this partially-identified wand wasted a few charges.
Prince Ribbit blinks!
Prince Ribbit hops awkwardly around.
Evoke which item? (* to show all) (? for menu, Esc to quit)
Zapping:
i - a wand of random effects {zapped: 17} (will waste charges)
Press: ? - help, Shift-Dir - straight line, f/p - Prince Ribbit
Aim: Prince Ribbit (moderately wounded, fast, haloed)
The rock shatters into small pieces.
Evoking this partially-identified wand wasted a few charges.
Prince Ribbit hits you!
Read which item? (? for menu, Esc to quit)
As you read the scroll of teleportation, it crumbles to dust.
You feel strangely unstable. Prince Ribbit hits you. Prince Ribbit hits you!
ATTACKING (-1,0)
You punch Prince Ribbit! You headbutt Prince Ribbit!
Prince Ribbit is severely wounded.
Prince Ribbit barely misses you. Prince Ribbit hits you!
You die...

####.## .<...(# #
####..# #. ..... #
.##.### ## #####
....... ..# ..
.......## ..# ###
..._.?..# ..#
.#####FH##..#
.#...#..#...#
.#...#....#.#
.#A..#....#.#
.#####..#.#.##
..._.....#...######.
........###.........
########.#...####..
#.#.## ##


You could see an angel (confused) and Prince Ribbit.

Table legend:
 A = Turns spent in this place as a percentage of turns spent in the entire game.
 B = Non-inter-level travel turns spent in this place as a percentage of non-inter-level travel turns spent in the entire game.
 C = Inter-level travel turns spent in this place as a percentage of turns spent in this place.
 D = Turns resting spent in this place as a percentage of non-inter-level travel turns spent in this place.
 E = Turns spent auto-exploring this place as a percentage of non-inter-level travel turns spent in this place.
 F = Non-inter-level travel turns spent in this place divided by the number of levels of this place that you've seen.
                   A       B       C       D       E      F
               +-------+-------+-------+-------+-------+----------------------
         Total | 100.0 | 100.0 |   0.5 |   1.6 |   2.4 | 1126.8
       Dungeon | 100.0 | 100.0 |   0.5 |   1.6 |   2.4 | 1126.8
               +-------+-------+-------+-------+-------+----------------------

Table legend:
 A = Kills in this place as a percentage of kills in entire the game.
 B = Kills by you in this place as a percentage of kills by you in the entire game.
 C = Kills by friends in this place as a percentage of kills by friends in the entire game.
 D = Other kills in this place as a percentage of other kills in the entire game.
 E = Experience gained in this place as a percentage of experience gained in the entire game.
 F = Experience gained in this place divided by the number of levels of this place that you have seen.
                   A       B       C       D       E      F
               +-------+-------+-------+-------+-------+----------------------
         Total | 100.0 | 100.0 |  -nan | 100.0 | 100.0 | 322.8
       Dungeon | 100.0 | 100.0 |  -nan | 100.0 | 100.0 | 322.8
               +-------+-------+-------+-------+-------+----------------------

Vanquished Creatures
  Sigmund (D:2)
  Menkaure (D:4)
  A sky beast (D:5)
  An ogre (D:4)
  A centaur (D:5)
  A scorpion (D:4)
  2 hounds (D:5)
  An orc wizard (D:5)
  3 worker ants
  8 adders
  An adder skeleton (D:4)
  A giant gecko (D:1)
  4 giant cockroaches
  7 goblins
  5 hobgoblins
  5 kobolds
  2 quokkas
  A ball python (D:5)
  6 bats
  3 giant newts
  A quokka skeleton (D:4)
  2 rats
58 creatures vanquished.

Vanquished Creatures (others)
  An orc priest (D:5)
  An orc wizard (D:5)
2 creatures vanquished.

Grand Total: 60 creatures vanquished

Notes
Turn   | Place    | Note
--------------------------------------------------------------
     0 | D:1      | gw the Minotaur Monk began the quest for the Orb.
     0 | D:1      | Reached XP level 1. HP: 19/19 MP: 0/0
     3 | D:1      | Noticed an electric eel
     3 | D:1      | Noticed an electric eel
   317 | D:1      | Reached skill level 1 in Throwing
   390 | D:1      | Reached XP level 2. HP: 27/27 MP: 1/1
   767 | D:1      | Found a glowing golden altar of the Shining One.
   781 | D:1      | Became a worshipper of the Shining One
   781 | D:1      | Reached * piety under the Shining One
   781 | D:1      | Reached ** piety under the Shining One
  1482 | D:2      | Reached XP level 3. HP: 28/33 MP: 2/2
  1591 | D:2      | Reached skill level 1 in Armour
  2167 | D:2      | Noticed Sigmund
  2172 | D:2      | Reached XP level 4. HP: 26/40 MP: 3/3
  2179 | D:2      | Killed Sigmund
  2179 | D:2      | Reached skill level 5 in Unarmed Combat
  2179 | D:2      | Reached skill level 1 in Invocations
  2179 | D:2      | Reached XP level 5. HP: 11/47 MP: 0/5
  2433 | D:2      | You fall through a shaft for 2 floors!
  2692 | D:4      | Reached XP level 6. HP: 51/55 MP: 6/6
  2856 | D:4      | Noticed Menkaure
  2866 | D:4      | Reached skill level 5 in Fighting
  2870 | D:4      | Killed Menkaure
  2870 | D:4      | Reached skill level 6 in Unarmed Combat
  3074 | D:4      | Found a stormy altar of Qazlal.
  3273 | D:4      | Noticed an ogre
  3278 | D:4      | Killed an ogre
  3278 | D:4      | Reached XP level 7. HP: 44/61 MP: 7/7
  3683 | D:5      | Entered Level 5 of the Dungeon
  4134 | D:5      | Reached skill level 7 in Unarmed Combat
  4235 | D:5      | Noticed an angel
  4236 | D:5      | Found a shimmering altar of Xom.
  4237 | D:5      | Found a glowing silver altar of Zin.
  4238 | D:5      | Noticed Prince Ribbit
  4253 | D:5      | Slain by Prince Ribbit

Action                   |  1- 3 |  4- 6 |  7- 9 || total
-------------------------+-------+-------+-------++-------
Melee: Unarmed           |    77 |    34 |    47 ||   158
Throw: Stone             |    36 |    13 |    14 ||    63
Invok: Divine Shield     |       |     2 |     4 ||     6
Evoke: Wand              |       |       |     8 ||     8
  Use: Scroll            |     2 |       |     3 ||     5
       Potion            |     1 |       |     3 ||     4
 Stab: Sleeping          |     3 |       |       ||     3
  Eat: Chunk             |     4 |     3 |     4 ||    11

Vault maps used:
D:1:      arrival_aquarium_b, st_stairs_6, tso_altar
D:2:      uniq_sigmund
D:4:      nicolae_qazlal_general_emergency, first_bread, minmay_bad_closet,
          uniq_menkaure
D:5:      grunt_temple_overflow_order_and_chaos_1, grunt_gozag_statues,
          marbit_many_paths, uniq_duvessa, uniq_prince_ribbit1
